Map: Ever Dream LE

Players

Astrea - Winner!

  • Race: Protoss Protoss
  • League: Master
  • Spawn Location: 1:00

LiquidTLO (TLO)

  • Race: Zerg Zerg
  • League: Grandmaster
  • Spawn Location: 7:00

Event: DreamHack SC2 Masters 2020 Fall

VOD

Have the link to the VOD?

Description

Time

  • Played on: Sept. 1, 2020, 5:31 p.m.
  • Length: 15:17

All games in this series

Show
View Real Time Build Order
Export as new Build Order

Astrea Protoss - Winner!

Build Orders: 1 Gate Expand, Oracle Opening, Archon Immortal 

Get SALT Encoding   

  12  0:00  Probe  
  13  0:13  Pylon  
  13  0:18  Probe (Chrono Boost)  
  15  0:30  Probe (Chrono Boost)  
  15  0:35  Probe (Chrono Boost)  
  15  0:41  Gateway  
  16  0:44  Probe  
  17  0:52  Assimilator  
  17  0:56  Probe  
  18  1:08  Probe  
  19  1:20  Probe  
  20  1:26  Nexus  
  20  1:35  Cybernetics Core  
  20  1:39  Probe  
  21  1:45  Assimilator  
  21  1:51  Probe  
  22  1:55  Pylon  
  22  2:03  Probe (Chrono Boost)  
  23  2:10  Adept (Chrono Boost)  
  23  2:15  Probe (Chrono Boost)  
  26  2:20  Probe (Chrono Boost)  
  26  2:22  Stargate  
  27  2:28  Warp Gate  
  27  2:31  Probe  
  27  2:34  Adept (Chrono Boost)  
  30  2:40  Probe  
  30  2:43  Probe  
  32  2:52  Probe  
  32  2:55  Adept, Probe  
  36  3:02  Gateway  
  36  3:04  Probe  
  37  3:07  Probe  
  37  3:10  Oracle (Chrono Boost)  
  38  3:18  Probe  
  42  3:22  Pylon  
  42  3:23  Probe  
  43  3:30  Probe  
  43  3:32  Void Ray (Chrono Boost)  
  44  3:35  Probe  
  49  3:43  Pylon  
  49  3:44  Probe  
  50  3:49  Probe  
  51  3:56  Probe  
  51  3:58  Nexus  
  51  4:02  Pylon  
  52  4:04  Probe  
  53  4:12  Oracle  
  53  4:13  Probe  
  53  4:16  Probe  
  58  4:25  Probe  
  58  4:26  Pylon  
  58  4:28  Probe  
  58  4:29  Assimilator  
  58  4:30  Assimilator  
  60  4:32  Adept x2  
  60  4:36  Shield Battery  
  60  4:37  Probe  
  65  4:42  Robotics Facility  
  65  4:43  Probe  
  66  4:49  Probe  
  66  4:50  Forge  
  67  4:53  Gateway  
  67  4:59  Probe  
  68  5:02  Sentry x2  
  68  5:03  Probe  
  73  5:11  Probe  
  73  5:12  Probe  
  73  5:15  Probe  
  72  5:22  Immortal (Chrono Boost)  
  72  5:24  Probe x2 (Chrono Boost)  
  72  5:27  Probe (Chrono Boost)  
  71  5:29  Sentry x2  
  81  5:36  Probe x2 (Chrono Boost)  
  81  5:37  Assimilator x2  
  81  5:38  Probe (Chrono Boost)  
  81  5:41  Protoss Ground Weapons Level 1 (Chrono Boost), Probe x2 (Chrono Boost)  
  84  5:42  Probe (Chrono Boost)  
  84  5:49  Twilight Council  
  85  5:50  Probe  
  85  5:51  Probe  
  85  5:53  Zealot x3  
  93  6:03  Pylon  
  93  6:04  Pylon  
  93  6:07  Pylon  
  93  6:13  Gateway  
  93  6:20  Charge  
  93  6:21  Observer, Probe x2  
  93  6:23  Gateway  
  93  6:25  Gateway  
  96  6:27  Gateway  
  96  6:31  Templar Archives  
  96  6:35  Probe  
  97  6:44  Gateway  
  97  6:46  Gateway  
  93  6:48  Gateway  
  93  6:49  Immortal, Photon Cannon  
  93  6:50  Gateway  
  97  7:07  Psionic Storm  
  97  7:14  Nexus  
  97  7:15  Pylon  
  97  7:18  High Templar x4  
  105  7:28  Protoss Ground Weapons Level 2 (Chrono Boost), Probe x2  
  107  7:35  Immortal (Chrono Boost)  
  107  7:40  Probe x2  
  107  7:43  Nexus  
  113  7:45  Probe  
  113  7:46  Shield Battery, Photon Cannon  
  113  7:47  High Templar  
  113  7:50  Pylon  
  116  7:52  Probe  
  116  7:53  Zealot x4  
  125  7:59  Pylon  
  125  8:00  Pylon  
  123  8:10  Zealot x4  
  131  8:14  Photon Cannon  
  131  8:15  Photon Cannon  
  125  8:22  Zealot x4  
  123  8:31  Gateway  
  123  8:34  Gateway x2  
  123  8:35  Gateway  
  123  8:41  Zealot x3  
  125  8:44  Zealot  
  125  8:45  Zealot x3  
  125  8:46  Immortal (Chrono Boost)  
  132  8:58  Probe  
  116  9:10  High Templar x4  
  116  9:11  High Templar x3  
  130  9:22  Warp Prism (Chrono Boost)  
  132  9:26  Archon  
  132  9:28  Nexus  
  132  9:29  Blink  
  132  9:34  Pylon  
  132  9:38  Photon Cannon  
  132  9:40  Shield Battery  
  132  9:41  High Templar x3  
  132  9:43  High Templar  
  140  9:46  Archon  
  140  9:47  Pylon, Archon  
  140  9:48  Pylon  
  140  9:53  Warp Prism (Chrono Boost)  
  140  9:57  Probe  
  140  9:58  Probe x2  
  140  9:59  High Templar  
  147  10:02  Assimilator  
  147  10:06  Assimilator  
  145  10:09  Probe  
  145  10:12  Zealot x5  
  145  10:13  Zealot x3  
  162  10:35  Zealot  
  164  10:46  Zealot x8  
  180  10:50  Pylon  
  180  10:52  Pylon  
  180  10:54  Pylon  
  180  11:08  Immortal  
  180  11:09  Pylon  
  184  11:13  Nexus  
  178  11:28  High Templar x10  
  178  11:32  Archon x4  
  194  11:33  Archon  
  190  12:00  Zealot  
  190  12:01  Zealot x9  
  129  12:21  Zealot x4  
  129  12:22  Zealot x3  
  113  12:42  Zealot x6  
  107  13:02  Cybernetics Core  
  103  13:05  Zealot x3  
  106  13:32  Zealot x3  
  104  14:52  Gateway, Cybernetics Core  
  104  15:03  Assimilator  
  104  15:04  Assimilator  
  104  15:12  Nexus  
Show
View Real Time Build Order
Export as new Build Order

LiquidTLO Zerg 

Build Orders: Hatch First, Lurkers 

Get SALT Encoding   

  12  0:00  Drone  
  13  0:12  Overlord  
  13  0:17  Drone  
  14  0:30  Drone  
  14  0:31  Drone  
  16  0:45  Drone  
  17  0:53  Hatchery  
  17  0:55  Drone  
  17  1:00  Drone  
  18  1:05  Extractor  
  17  1:14  Spawning Pool  
  17  1:16  Drone  
  17  1:19  Drone  
  18  1:29  Drone  
  19  1:39  Drone  
  20  1:49  Overlord  
  20  2:01  Queen  
  20  2:04  Metabolic Boost  
  20  2:05  Queen  
  20  2:07  Zergling x2  
  25  2:08  Zergling x2  
  25  2:12  Drone  
  27  2:17  Drone  
  27  2:22  Drone  
  29  2:29  Drone  
  30  2:38  Hatchery  
  30  2:43  Overlord  
  29  2:45  Drone x2  
  31  2:52  Drone  
  31  2:57  Queen  
  34  3:01  Overlord  
  34  3:02  Drone  
  34  3:05  Drone  
  36  3:09  Drone  
  36  3:11  Drone  
  38  3:14  Extractor  
  38  3:15  Drone x2  
  38  3:17  Drone  
  38  3:18  Drone  
  41  3:21  Drone  
  41  3:22  Drone  
  41  3:24  Drone  
  44  3:27  Zergling x2  
  44  3:33  Queen  
  47  3:38  Drone x2  
  49  3:41  Drone  
  49  3:42  Spore Crawler  
  49  3:43  Drone  
  49  3:45  Drone  
  49  3:47  Drone  
  52  3:50  Spore Crawler  
  52  3:52  Drone  
  52  3:53  Zergling x2  
  53  3:59  Spore Crawler  
  53  4:02  Drone  
  53  4:03  Drone  
  53  4:04  Queen  
  53  4:09  Drone  
  56  4:10  Drone, Extractor x2  
  54  4:17  Overlord  
  54  4:19  Overlord x2  
  54  4:21  Overlord  
  55  4:30  Overlord  
  55  4:32  Overlord  
  55  4:36  Overlord  
  55  4:37  Drone  
  55  4:38  Drone x4  
  60  4:43  Drone  
  60  4:44  Drone  
  62  4:45  Extractor  
  62  4:48  Drone x2, Zergling x2  
  62  4:51  Drone  
  65  4:53  Drone x2  
  65  4:54  Lair  
  65  4:56  Zergling x2  
  68  5:00  Zergling x2  
  68  5:01  Zergling x2  
  68  5:07  Drone  
  71  5:09  Drone  
  71  5:10  Drone  
  71  5:11  Drone  
  71  5:13  Drone  
  72  5:15  Drone  
  72  5:16  Drone  
  73  5:25  Drone  
  73  5:26  Drone  
  73  5:27  Hatchery  
  73  5:28  Drone  
  73  5:29  Zergling x2  
  73  5:32  Zergling x10  
  80  5:37  Zergling x2  
  80  5:40  Zergling x2  
  82  5:43  Zergling x2  
  82  5:46  Drone  
  82  5:49  Extractor  
  83  5:50  Extractor  
  83  5:51  Extractor x2  
  83  5:53  Drone  
  83  5:54  Drone x2  
  83  5:55  Hydralisk Den  
  83  5:56  Drone, Hydralisk Den  
  82  5:59  Drone  
  82  6:01  Drone x2  
  82  6:02  Drone  
  86  6:04  Drone x2  
  86  6:05  Drone  
  86  6:06  Drone  
  86  6:09  Drone  
  90  6:13  Drone x2  
  90  6:16  Drone  
  93  6:18  Drone  
  93  6:22  Drone  
  93  6:23  Drone  
  93  6:24  Overlord  
  96  6:27  Grooved Spines, Overlord, Muscular Augments  
  96  6:28  Hydralisk  
  96  6:30  Hydralisk  
  100  6:36  Hydralisk, Overlord  
  102  6:41  Hydralisk x2, Unknown  
  102  6:44  Overlord  
  105  6:48  Hydralisk, Baneling Nest  
  105  6:50  Hydralisk  
  105  6:52  Drone  
  108  6:56  Drone  
  108  6:57  Hydralisk  
  108  6:59  Drone  
  108  7:00  Drone  
  109  7:04  Drone, Spore Crawler  
  109  7:07  Hydralisk x2  
  113  7:09  Drone  
  113  7:12  Hydralisk x2  
  118  7:16  Hydralisk x2  
  118  7:20  Hydralisk  
  118  7:21  Hydralisk  
  126  7:26  Zergling x2  
  126  7:27  Zergling x4  
  126  7:28  Zergling x2  
  126  7:29  Zergling x2  
  130  7:31  Centrifical Hooks  
  130  7:33  Zergling x4  
  130  7:34  Hydralisk  
  130  7:36  Zergling x4  
  134  7:38  Zergling x2  
  134  7:40  Zergling x2  
  134  7:42  Baneling x7  
  134  7:43  Baneling x3  
  136  7:44  Baneling  
  136  7:45  Baneling x2  
  136  7:49  Hydralisk  
  136  7:50  Hydralisk  
  136  7:51  Hydralisk  
  140  7:53  Overlord  
  142  8:04  Hydralisk  
  142  8:05  Zergling x2, Baneling x2  
  142  8:06  Zergling x2  
  142  8:08  Baneling  
  142  8:09  Baneling x4  
  143  8:12  Zergling x2  
  143  8:14  Hydralisk x3  
  143  8:15  Zergling x4  
  143  8:16  Zergling x4  
  143  8:17  Zergling x4  
  147  8:20  Zergling x4  
  147  8:21  Zergling x4  
  147  8:23  Zergling x2  
  147  8:26  Zergling x10  
  152  8:31  Infestation Pit  
  152  8:33  Evolution Chamber, Zergling x2  
  152  8:34  Evolution Chamber  
  150  8:36  Zergling x4  
  150  8:38  Zergling x2  
  150  8:39  Zergling x2  
  148  8:43  Zergling x4  
  148  8:44  Zergling x2  
  148  8:45  Zergling x2  
  148  8:46  Hydralisk, Zergling x2  
  148  8:48  Baneling  
  151  8:49  Zergling x2  
  151  8:50  Zergling x2  
  151  8:52  Hydralisk  
  151  8:55  Overlord x2  
  151  8:56  Overlord, Zergling x2  
  143  9:07  Hydralisk x2  
  143  9:09  Drone  
  134  9:10  Hive  
  134  9:14  Lurker Den  
  134  9:15  Lurker Den  
  132  9:17  Drone  
  132  9:18  Zerg Ground Armor Level 1  
  132  9:19  Zerg Missile Weapons Level 1  
  132  9:21  Baneling x3  
  132  9:22  Baneling  
  133  9:24  Pneumatized Carapace  
  133  9:26  Zergling x2  
  133  9:27  Zergling x2  
  133  9:30  Zergling x2  
  136  9:31  Zergling x2  
  136  9:33  Zergling x4  
  139  9:40  Zergling x2  
  139  9:45  Zergling x2  
  141  9:46  Hydralisk x2, Hatchery  
  141  9:47  Zergling x2  
  141  9:50  Hydralisk  
  141  9:51  Zergling x2  
  141  9:52  Zergling x4  
  150  9:58  Overseer  
  150  10:01  Drone  
  150  10:05  Zergling x4  
  153  10:07  Zergling x6  
  153  10:09  Baneling x6  
  153  10:10  Baneling x10  
  155  10:16  Lurker x2  
  155  10:17  Lurker x5  
  162  10:23  Seismic Spines  
  162  10:25  Zergling x2  
  163  10:31  Hydralisk  
  163  10:32  Hydralisk  
  163  10:33  Overlord  
  166  10:35  Overlord  
  166  10:41  Overlord  
  166  10:42  Lurker x3  
  158  10:43  Zergling x2  
  158  10:44  Zergling x2  
  158  10:45  Zergling x2  
  158  10:51  Drone, Spore Crawler  
  158  10:54  Spore Crawler x3  
  158  10:55  Lurker x3, Spore Crawler  
  158  10:56  Drone  
  158  10:58  Drone  
  158  10:59  Drone  
  158  11:01  Drone x2  
  158  11:03  Lurker x2  
  164  11:07  Hydralisk, Zergling x2  
  164  11:09  Hydralisk  
  169  11:16  Hydralisk x2  
  169  11:17  Zergling x2  
  174  11:18  Hydralisk  
  174  11:20  Adaptive Talons  
  174  11:21  Hydralisk  
  174  11:22  Drone  
  174  11:23  Drone  
  174  11:24  Hydralisk  
  176  11:26  Drone  
  176  11:27  Drone  
  176  11:28  Zergling x2  
  176  11:30  Hydralisk  
  177  11:34  Hydralisk x2  
  161  12:03  Hydralisk x2  
  161  12:05  Hydralisk x2  
  145  12:08  Hydralisk x2  
  145  12:09  Hydralisk x2  
  145  12:10  Hydralisk x2  
  145  12:12  Hydralisk x2  
  145  12:14  Zergling x2  
  129  12:18  Zergling x2  
  129  12:22  Hydralisk  
  112  12:29  Hydralisk  
  110  12:35  Hydralisk  
  93  12:39  Hydralisk  
  89  12:45  Hydralisk  
  89  12:50  Hydralisk  
  79  12:55  Lurker  
  65  13:11  Hydralisk x2  
  40  13:31  Drone  
  42  13:45  Drone  
  31  14:13  Overlord  
  27  14:24  Drone  
  28  14:33  Drone  
  29  14:48  Drone x2  

Tags
 
Add a new tag
Caveats
  • Supply blocks, unpowered buildings, or Contaminate may cause inaccurate times.
  • Supply counts are checked every 10 seconds.